APP
SEATTLE (APP) MARINERS @ DETROIT (APP) TIGERS
09/15/2048
 
TOP OF THE 1ST
Seattle (APP) Mariners batting - Pitching for Detroit (APP) Tigers : RHP Scott King
Pitching: RHP Scott King
Batting: RHB Chris Van Niel 0-0: Ball
1-0: Ball
2-0: Ball
3-0: Called Strike
3-1: Ground out 4-3 (Groundball, 34, EV 98.1 MPH)
Batting: RHB John Vasquez 0-0: Ball
1-0: Called Strike
1-1: Swinging Strike
1-2: Foul Ball, location: 2F
1-2: Ball
2-2: Strikes out swinging, 2-3 out at first.
Batting: RHB Nick Edmunds 0-0: Ball
1-0: Ball
2-0: Ground out 5-3 (Groundball, 56S, EV 88.1 MPH)
Top of the 1st over - 0 runs, 0 hits, 0 errors, 0 left on base; Seattle (APP) 0 - Detroit (APP) 0
BOTTOM OF THE 1ST
Detroit (APP) Tigers batting - Pitching for Seattle (APP) Mariners : RHP Terry Jeffrey
Pitching: RHP Terry Jeffrey
Batting: LHB Timotheus Young 0-0: Called Strike
0-1: SINGLE (Groundball, 4MD, EV 96.2 MPH)
Batting: RHB Kevin Steed 0-0: Called Strike
0-1: Foul Ball, location: 2F
0-2: Ball
1-2: Grounds into double play, 4-6-3 (Groundball, 4, EV 86.2 MPH)
Batting: RHB Ernst Meloche 0-0: Ball
1-0: Fly out, F8 (Flyball, 8RD, EV 83.1 MPH)
Bottom of the 1st over - 0 runs, 1 hit, 0 errors, 0 left on base; Seattle (APP) 0 - Detroit (APP) 0
TOP OF THE 2ND
Seattle (APP) Mariners batting - Pitching for Detroit (APP) Tigers : RHP Scott King
Batting: RHB Carlton McDonald 0-0: Called Strike
0-1: Ball
1-1: Foul Ball, location: 2F
1-2: Strikes out swinging
Batting: RHB Nick Ellis 0-0: Ball
1-0: Ground out 6-3 (Groundball, 6, EV 91.2 MPH)
Batting: RHB Joaquin Salazar 0-0: Swinging Strike
0-1: Swinging Strike
0-2: Strikes out swinging
Top of the 2nd over - 0 runs, 0 hits, 0 errors, 0 left on base; Seattle (APP) 0 - Detroit (APP) 0
BOTTOM OF THE 2ND
Detroit (APP) Tigers batting - Pitching for Seattle (APP) Mariners : RHP Terry Jeffrey
Batting: RHB Norm Wood 0-0: Swinging Strike
0-1: Foul Ball, location: 2F
0-2: Ball
1-2: Foul Ball, location: 2F
1-2: Ball
2-2: Ball
3-2: Base on Balls
Batting: RHB Nate Dabney 0-0: Called Strike
0-1: Foul Ball, location: 2F
0-2: Ball
1-2: Ball
2-2: Foul Ball, location: 2F
2-2: Strikes out swinging
Batting: SHB Ronnie Lundy 0-0: Called Strike
0-1: Fly out, F6 (Popup, 6MS, EV 48.8 MPH)
Batting: LHB Glen Boyle 0-0: SINGLE (Groundball, 4D, EV 98.1 MPH)
Norm Wood to second
Batting: RHB Yasutaka Yamasaki 0-0: Fielders Choice at 2nd, 5-4 (Groundball, 5, EV 101.2 MPH)
Bottom of the 2nd over - 0 runs, 1 hit, 0 errors, 2 left on base; Seattle (APP) 0 - Detroit (APP) 0
TOP OF THE 3RD
Seattle (APP) Mariners batting - Pitching for Detroit (APP) Tigers : RHP Scott King
Batting: RHB Ziven Badersky 0-0: Swinging Strike
0-1: Called Strike
0-2: Strikes out swinging
Batting: RHB Rowan Prince 0-0: SINGLE (Groundball, 34D, EV 94.4 MPH)
Batting: RHB Josh Carpenter 0-0: Fly out, F9 (Flyball, 9, EV 96.2 MPH)
Batting: RHB Chris Van Niel 0-0: SINGLE (Groundball, 13S, EV 69.4 MPH) (infield hit)
Rowan Prince to second
Batting: RHB John Vasquez 0-0: Ball
1-0: Ball
2-0: Ball
3-0: Called Strike
3-1: Swinging Strike
3-2: Base on Balls
Rowan Prince to third
Chris Van Niel to second
Batting: RHB Nick Edmunds 0-0: Ball
1-0: Swinging Strike
1-1: Swinging Strike
1-2: Foul Ball, location: 2F
1-2: Fielders Choice at 2nd, U6 (Groundball, 6M, EV 86.9 MPH)
Top of the 3rd over - 0 runs, 2 hits, 0 errors, 3 left on base; Seattle (APP) 0 - Detroit (APP) 0
BOTTOM OF THE 3RD
Detroit (APP) Tigers batting - Pitching for Seattle (APP) Mariners : RHP Terry Jeffrey
Batting: SHB Salvador Lacosta 0-0: Ball
1-0: Called Strike
1-1: Foul Ball, location: 2F
1-2: DOUBLE (Line Drive, 7LS, EV 89.4 MPH)
Batting: LHB Timotheus Young 0-0: Ball
1-0: Foul Ball, location: 2F
1-1: Foul Ball, location: 2F
1-2: Ball
Wild Pitch!
Salvador Lacosta to third
2-2: DOUBLE (Groundball, 5L, EV 103.1 MPH)
Salvador Lacosta scores
Batting: RHB Kevin Steed 0-0: Ball
1-0: Called Strike
1-1: Ball
2-1: Foul Ball, location: 2F
2-2: Fly out, F9 (Flyball, 89M, EV 82.5 MPH)
Batting: RHB Ernst Meloche 0-0: Ball
1-0: Ground out 5-3 (Groundball, 56, EV 107.5 MPH)
Batting: RHB Norm Wood 0-0: Ball
1-0: DOUBLE (Popup, 6D, EV 60.0 MPH)
Timotheus Young scores
Batting: RHB Nate Dabney 0-0: Called Strike
0-1: Foul Ball, location: 2F
0-2: Fly out, F8 (Line Drive, 8LM, EV 101.2 MPH)
Bottom of the 3rd over - 2 runs, 3 hits, 0 errors, 1 left on base; Seattle (APP) 0 - Detroit (APP) 2
TOP OF THE 4TH
Seattle (APP) Mariners batting - Pitching for Detroit (APP) Tigers : RHP Scott King
Batting: RHB Carlton McDonald 0-0: Ball
1-0: Called Strike
1-1: Swinging Strike
1-2: Ball
2-2: Strikes out swinging
Batting: RHB Nick Ellis 0-0: Ball
1-0: SOLO HOME RUN (Flyball, 7D, EV 93.1 MPH), Distance : 367 ft
Batting: RHB Joaquin Salazar 0-0: Ball
1-0: Swinging Strike
1-1: SINGLE (Groundball, 56D, EV 96.9 MPH)
Batting: RHB Ziven Badersky 0-0: Ball
Joaquin Salazar steals 2nd base
1-0: Called Strike
1-1: SINGLE (Groundball, 5S, EV 67.5 MPH) (infield hit)
Joaquin Salazar to third
Batting: RHB Rowan Prince 0-0: Ball
1-0: Foul Ball, location: 2F
1-1: Called Strike
1-2: Strikes out swinging
Batting: RHB Josh Carpenter 0-0: Fielders Choice at 2nd, 6-4 (Groundball, 6, EV 78.8 MPH)
Top of the 4th over - 1 run, 3 hits, 0 errors, 2 left on base; Seattle (APP) 1 - Detroit (APP) 2
BOTTOM OF THE 4TH
Detroit (APP) Tigers batting - Pitching for Seattle (APP) Mariners : RHP Terry Jeffrey
Batting: SHB Ronnie Lundy 0-0: Called Strike
0-1: Called Strike
0-2: SINGLE (Groundball, 6MD, EV 101.9 MPH)
Batting: LHB Glen Boyle 0-0: Called Strike
0-1: Foul Ball, location: 2F
0-2: Fly out, F9 (Flyball, 89M, EV 93.8 MPH)
Batting: RHB Yasutaka Yamasaki 0-0: Fly out, F7 (Line Drive, 7, EV 96.2 MPH)
Batting: SHB Salvador Lacosta 0-0: Ground out U3 (Groundball, 3, EV 110.6 MPH)
Bottom of the 4th over - 0 runs, 1 hit, 0 errors, 1 left on base; Seattle (APP) 1 - Detroit (APP) 2
TOP OF THE 5TH
Seattle (APP) Mariners batting - Pitching for Detroit (APP) Tigers : RHP Scott King
Batting: RHB Chris Van Niel 0-0: Called Strike
0-1: Swinging Strike
0-2: Foul Ball, location: 2F
0-2: Ball
1-2: Ball
2-2: Strikes out swinging
Batting: RHB John Vasquez 0-0: Called Strike
0-1: Ball
1-1: Ball
2-1: Swinging Strike
2-2: Strikes out swinging
Batting: RHB Nick Edmunds 0-0: Hit by Pitch
Batting: RHB Carlton McDonald 0-0: Called Strike
0-1: Ball
Nick Edmunds steals 2nd base
1-1: Ball
Wild Pitch!
Nick Edmunds to third
2-1: Foul Ball, location: 2F
2-2: Strikes out looking
Top of the 5th over - 0 runs, 0 hits, 0 errors, 1 left on base; Seattle (APP) 1 - Detroit (APP) 2
BOTTOM OF THE 5TH
Detroit (APP) Tigers batting - Pitching for Seattle (APP) Mariners : RHP Terry Jeffrey
Batting: LHB Timotheus Young 0-0: Fly out, F8 (Line Drive, 8RM, EV 89.4 MPH)
Batting: RHB Kevin Steed 0-0: Ball
1-0: Hit by Pitch
Batting: RHB Ernst Meloche 0-0: Foul Ball, location: 2F
0-1: Called Strike
0-2: SINGLE (Groundball, 34D, EV 107.5 MPH)
Kevin Steed to second
Runner from 2nd tries for 3rd, SAFE, throw by RF made to third
Batting: RHB Norm Wood 0-0: Called Strike
0-1: Ball
1-1: Ball
2-1: Foul Ball, location: 2F
2-2: Fielders Choice at 2nd, 3-6 (Groundball, 3, EV 105.0 MPH)
Kevin Steed scores
Batting: RHB Nate Dabney 0-0: Called Strike
0-1: Ball
1-1: Ball
2-1: Ball
3-1: Base on Balls
Norm Wood to second
Batting: SHB Ronnie Lundy 0-0: Ball
1-0: Ball
2-0: Ball
3-0: Foul Ball, location: 2F
3-1: Foul Ball, location: 2F
3-2: Ground out 4-3 (Groundball, 4, EV 108.1 MPH)
Bottom of the 5th over - 1 run, 1 hit, 0 errors, 2 left on base; Seattle (APP) 1 - Detroit (APP) 3
TOP OF THE 6TH
Seattle (APP) Mariners batting - Pitching for Detroit (APP) Tigers : RHP Scott King
Batting: RHB Nick Ellis 0-0: Swinging Strike
0-1: Foul Ball, location: 2F
0-2: Foul Ball, location: 2F
0-2: Foul Ball, location: 2F
0-2: Ball
1-2: Strikes out looking
Batting: RHB Joaquin Salazar 0-0: Ball
1-0: Ball
2-0: Called Strike
2-1: SINGLE (Groundball, 6MD, EV 105.6 MPH)
Batting: RHB Ziven Badersky 0-0: Called Strike
0-1: Ball
1-1: Foul Ball, location: 2F
1-2: Foul Ball, location: 2F
1-2: Ball
2-2: Ground out 6-3 (Groundball, 6S, EV 65.6 MPH)
Joaquin Salazar to second
Batting: RHB Rowan Prince 0-0: Foul Ball, location: 2F
0-1: Ground out U3 (Groundball, 13, EV 80.6 MPH)
Top of the 6th over - 0 runs, 1 hit, 0 errors, 1 left on base; Seattle (APP) 1 - Detroit (APP) 3
BOTTOM OF THE 6TH
Detroit (APP) Tigers batting - Pitching for Seattle (APP) Mariners : RHP Terry Jeffrey
Batting: LHB Glen Boyle 0-0: DOUBLE (Flyball, 9LD, EV 93.8 MPH)
Batting: RHB Yasutaka Yamasaki 0-0: Fly out, F9 (Line Drive, 9S, EV 103.8 MPH)
Batting: SHB Salvador Lacosta 0-0: Ground out 6-3 (Groundball, P, EV 85.6 MPH)
Glen Boyle to third
Batting: LHB Timotheus Young 0-0: Swinging Strike
0-1: 2-RUN HOME RUN (Flyball, 9LD, EV 95.0 MPH), Distance : 332 ft
Batting: RHB Kevin Steed 0-0: SINGLE (Groundball, 6D, EV 98.1 MPH)
Pitching: LHP Will Creelman
Batting: RHB Ernst Meloche 0-0: Ball
1-0: Swinging Strike
1-1: Ball
2-1: Called Strike
2-2: Ball
3-2: Foul Ball, location: 2F
3-2: Foul Ball, location: 2F
3-2: Base on Balls
Kevin Steed to second
Batting: RHB Norm Wood 0-0: Ball
1-0: Swinging Strike
1-1: Ball
2-1: Ball
3-1: Ground out 4-3 (Groundball, 34, EV 85.0 MPH)
Bottom of the 6th over - 2 runs, 3 hits, 0 errors, 2 left on base; Seattle (APP) 1 - Detroit (APP) 5
TOP OF THE 7TH
Seattle (APP) Mariners batting - Pitching for Detroit (APP) Tigers : RHP Scott King
Batting: RHB Josh Carpenter 0-0: Ball
1-0: Ground out 5-3 (Groundball, 56, EV 106.2 MPH)
Batting: RHB Chris Van Niel 0-0: Swinging Strike
0-1: Foul Ball, location: 2F
0-2: Ground out 6-3 (Groundball, 6, EV 80.0 MPH)
Batting: RHB John Vasquez 0-0: Foul Ball, location: 2F
0-1: Foul Ball, location: 2F
0-2: Strikes out looking
Top of the 7th over - 0 runs, 0 hits, 0 errors, 0 left on base; Seattle (APP) 1 - Detroit (APP) 5
BOTTOM OF THE 7TH
Detroit (APP) Tigers batting - Pitching for Seattle (APP) Mariners : LHP Will Creelman
Batting: RHB Nate Dabney 0-0: Ball
1-0: Ground out 4-3 (Groundball, 4S, EV 80.6 MPH)
Batting: SHB Ronnie Lundy 0-0: Called Strike
0-1: Ball
1-1: Ball
2-1: Ball
3-1: Base on Balls
Batting: LHB Glen Boyle 0-0: Ball
1-0: DOUBLE (Groundball, 5L, EV 105.0 MPH)
Ronnie Lundy to third
Batting: RHB Yasutaka Yamasaki 0-0: Foul Ball, location: 2F
0-1: 3-RUN HOME RUN (Flyball, 78XD, EV 106.9 MPH), Distance : 412 ft
Batting: SHB Salvador Lacosta 0-0: SINGLE (Groundball, 6MD, EV 107.5 MPH)
Batting: LHB Timotheus Young 0-0: Ball
1-0: Ball
2-0: Ball
3-0: Base on Balls
Salvador Lacosta to second
Batting: RHB Kevin Steed 0-0: Fielders Choice at 2nd, 6-4 (Groundball, 6, EV 85.6 MPH)
Salvador Lacosta to third
Batting: RHB Ernst Meloche 0-0: Ball
1-0: Called Strike
1-1: Foul Ball, location: 2F
1-2: Ball
2-2: Foul Ball, location: 2F
2-2: Foul Ball, location: 2F
2-2: Strikes out looking
Bottom of the 7th over - 3 runs, 3 hits, 0 errors, 2 left on base; Seattle (APP) 1 - Detroit (APP) 8
TOP OF THE 8TH
Seattle (APP) Mariners batting - Pitching for Detroit (APP) Tigers : RHP Scott King
Pitching: RHP Alex Amparo
Pinch Hitting: LHB Prince Nunley 0-0: Ball
1-0: Called Strike
1-1: Ball
2-1: Ground out 4-3 (Groundball, 4, EV 86.2 MPH)
Batting: RHB Carlton McDonald 0-0: Ball
1-0: Swinging Strike
1-1: Foul Ball, location: 2F
1-2: Ball
2-2: Ground out 4-3 (Groundball, 34D, EV 103.8 MPH)
Batting: RHB Nick Ellis 0-0: Ball
1-0: Foul Ball, location: 2F
1-1: Foul Ball, location: 2F
1-2: Foul Ball, location: 2F
1-2: Fly out, F8 (Line Drive, 8RD, EV 91.2 MPH)
Top of the 8th over - 0 runs, 0 hits, 0 errors, 0 left on base; Seattle (APP) 1 - Detroit (APP) 8
BOTTOM OF THE 8TH
Detroit (APP) Tigers batting - Pitching for Seattle (APP) Mariners : LHP Will Creelman
Now in RF: Prince Nunley
Batting: RHB Norm Wood 0-0: Foul Ball, location: 2F
0-1: Swinging Strike
0-2: Ground out 6-3 (Groundball, 6, EV 86.9 MPH)
Pitching: RHP Victor Ocampo
Batting: RHB Nate Dabney 0-0: SINGLE (Groundball, 56D, EV 103.8 MPH)
Batting: SHB Ronnie Lundy 0-0: Foul Ball, location: 2F
0-1: Fielders Choice at 2nd, 4-6 (Groundball, 4MS, EV 82.5 MPH)
Batting: LHB Glen Boyle 0-0: Ball
1-0: Called Strike
1-1: Foul Ball, location: 2F
1-2: Foul Ball, location: 2F
1-2: Ball
2-2: Foul Ball, location: 2F
2-2: Fielders Choice at 2nd, 6-4 (Groundball, 6MD, EV 88.1 MPH)
Bottom of the 8th over - 0 runs, 1 hit, 0 errors, 1 left on base; Seattle (APP) 1 - Detroit (APP) 8
TOP OF THE 9TH
Seattle (APP) Mariners batting - Pitching for Detroit (APP) Tigers : RHP Alex Amparo
Batting: RHB Joaquin Salazar 0-0: Called Strike
0-1: Ball
1-1: Called Strike
1-2: Strikes out swinging
Pinch Hitting: SHB Carlos Luna 0-0: Ball
1-0: Foul Ball, location: 2F
1-1: DOUBLE (Line Drive, 9LM, EV 101.2 MPH)
Pinch Hitting: LHB Yoshihisa Kobayashi 0-0: Ball
1-0: Ball
2-0: Foul Ball, location: 2F
2-1: Ball
3-1: Foul Ball, location: 2F
3-2: Fly out, F6 (Popup, 4M, EV 51.2 MPH)
Pinch Hitting: RHB Perry Renouf 0-0: Ball
Wild Pitch!
Carlos Luna to third
1-0: Foul Ball, location: 2F
1-1: Ball
2-1: Ground out 6-3 (Groundball, 6, EV 89.4 MPH)
Top of the 9th over - 0 runs, 1 hit, 0 errors, 1 left on base; Seattle (APP) 1 - Detroit (APP) 8
Tuesday, March 28th , 2023 - OOTP Baseball 23.10 Build 110